[Event "85th Tata Steel Challengers 2023"]
[Site "Wijk aan Zee"]
[Date "2023.01.20"]
[Round "10.4"]
[White "Ivic, Velimir"]
[Black "Supi, Luis Paulo"]
[Result "0-1"]
[ECO "B90"]
[WhiteElo "2585"]
[BlackElo "2608"]
[Annotator "TA"]
[PlyCount "156"]
[EventDate "2023.01.10"]
[EventType "tourn"]
[EventCountry "NED"]
[SourceTitle "playchess.com"]
[Source "ChessBase"]
[SourceQuality "1"]
[TimeControl "40/6000+30:30/3000+30:900+30"]

1. e4 c5 2. Nf3 d6 3. d4 cxd4 4. Nxd4 Nf6 5. Nc3 a6 6. Be3 e5 7. Nb3 Be7 8. f3 h5 {[%emt 0:00:57] B90: Sicilian Najdorf: Unusual White 6th moves, 6 Be3 Ng4 and 6 Be3 e5.} 9. Qd2 (9. Na4 $5 ) 9... Nbd7 10. a4 Nf8 {[%emt 0:03:10] White has an edge.} 11. Be2 Ng6 {[%emt 0:05:32] [#]} 12. a5 $146 ({Predecessor:} 12. O-O O-O 13. a5 Be6 14. Rfd1 Qc7 15. Nd5 Nxd5 16. exd5 Bf5 17. c4 Nf4 18. Bf1 {1-0 Barski,R (2434)-Warmerdam,M (2614) EU Corporate-ch rapid 2022 (5)}) 12... Be6 13. Nd5 Bxd5 14. exd5 Qd7 15. c4 O-O 16. O-O h4 17. Rfd1 (17. Bd3 $14) 17... h3 {[%emt 0:01:14] [#]} (17... Rfe8 $11) 18. g3 $1 $16 e4 {[%emt 0:00:35] [#]} 19. f4 $1 Ng4 20. Bd4 Bf6 21. Bf1 Bxd4+ 22. Nxd4 Nf6 23. Ra3 Rfe8 24. Re1 (24. Nc2 $18) 24... Rab8 25. b4 Qg4 26. Qd1 Qc8 27. Nc2 Ne7 28. Qd2 Qd7 29. Ne3 Red8 30. Qf2 Re8 31. Qb2 Ng6 (31... b6 $16 32. axb6 Rxb6) 32. Qd4 Ne7 33. Qb2 Ng6 $1 34. Rd1 Ne7 35. Qd2 Red8 36. Qc3 Ng6 37. Qe1 Re8 (37... Rdc8 $16 38. Be2 b6) 38. Rc1 Red8 39. Rb1 Re8 40. Rd1 Red8 41. c5 Ne7 42. Rc3 Rbc8 (42... Re8 $16 43. cxd6 Nc8) 43. Rcc1 $18 Rb8 44. cxd6 Nc8 45. Rc7 Qxd6 46. Rc5 Qd7 {[%emt 0:04:55] [#]} 47. g4 $1 {[%emt 0:06:21][%mdl 512] And now g5 would win.} Nd6 (47... b6 48. axb6) 48. Bxh3 b6 49. axb6 Rxb6 50. Rdc1 {[%emt 0:02:29] Threatens to win with Rc7.} Nfe8 {[%emt 0:06:13] Dodges Rc7} 51. Rc6 (51. Kh1 $16) 51... Rdb8 $1 $11 52. Rxb6 Rxb6 53. Bf1 Qb7 54. Rb1 Nc7 55. Qd2 Kh7 (55... a5 $14) 56. Rc1 ({Better is} 56. Kh1 $16) 56... Nce8 $1 57. Rb1 ({White should try} 57. Kh1 $11) 57... Nc7 $1 $16 58. Qd4 (58. Kh1 $16) 58... Kg8 (58... a5 $1 $11) 59. Rc1 (59. Qc5 $16) 59... Rxb4 $11 60. Qc5 Nce8 61. Bxa6 {[%emt 0:00:10][%mdl 64] Deflection} Qb8 $1 62. Bf1 Rb1 63. Rxb1 Qxb1 64. Kf2 Qb2+ 65. Be2 Qa1 66. Nd1 Qf6 67. Kg3 Qe7 (67... Qa1 $11) 68. Qd4 (68. Qb6 {looks sharper.} Qf6 69. Qa7 g5 70. Qf2) 68... Qc7 69. h4 Nf6 70. Nc3 Nh5+ {[%emt 0:00:00][%mdl 64] Deflection} 71. Kf2 $1 Nxf4 {[%emt 0:14:39] ...Qe7 is the strong threat.} 72. Bf1 Qe7 $36 {[%emt 0:01:43][%mdl 2048] Black has some pressure.} 73. g5 (73. Nxe4 $1 $11 {remains equal.} Nxe4+ 74. Kf3) 73... Ng6 {[%emt 0:01:29] A dynamic duo of knights.} 74. h5 (74. Bg2 $17) 74... Nh4 75. Qd2 $2 (75. Qb6) 75... Qe5 $19 {[%emt 0:00:38] ( -> ...Qh2+)} 76. Ke2 Nc4 {[%emt 0:01:56] Black mates.} 77. Qc1 Qh2+ 78. Kd1 Nb2+ {[%emt 0:00:05] Quite a comeback for Black.   Weighted Error Value: White=0.23 (precise) /Black=0.17 (very precise)} 0-1

[Event "85th Tata Steel Challengers 2023"]
[Site "Wijk aan Zee"]
[Date "2023.01.20"]
[Round "10.5"]
[White "Tabatabaei, M. Amin"]
[Black "Beerdsen, Thomas"]
[Result "1-0"]
[ECO "D12"]
[WhiteElo "2686"]
[BlackElo "2515"]
[Annotator "TA"]
[PlyCount "75"]
[EventDate "2023.01.10"]
[EventType "tourn"]
[EventCountry "NED"]
[SourceTitle "playchess.com"]
[Source "ChessBase"]
[SourceQuality "1"]
[TimeControl "40/6000+30:30/3000+30:900+30"]

1. d4 d5 2. c4 c6 3. Nf3 Nf6 4. e3 Bf5 5. Nc3 e6 6. Nh4 Bg6 7. Qb3 {[%emt 0:01:52] And now Nxg6 would win. D12: Slav Defence: 3 Nf3 Nf6 4 e3 Bf5.} Qc7 8. Bd2 Ne4 9. Nxe4 {[%emt 0:08:24] The position is equal.} Bxe4 10. cxd5 $5 {[%emt 0:00:25][%mdl 4] [#] Leaves trodden paths.} cxd5 $146 (10... Be7 {with more complications.} 11. d6 Bxd6 12. Bd3 Bd5) ({Predecessor:} 10... exd5 11. f3 Bg6 12. Nxg6 hxg6 13. e4 Nd7 14. exd5 Bd6 15. dxc6 bxc6 16. Bc4 Nf6 {1-0 Kempinski,R (2599)-Motylev,A (2677) EU-ch rapid Warsaw 2012 (6)}) 11. f3 (11. Qa4+ $142 Qd7 12. Bb5) 11... Bg6 (11... Bc2 $142 12. Rc1 Bxb3 13. Rxc7 Ba4) 12. Rc1 Nc6 13. Bb5 (13. Qa4 {feels hotter.} a6 14. Bb5 Kd7 15. g3) 13... Be7 14. Nxg6 hxg6 15. Qa4 {[%emt 0:03:27][%cal Rc1c6] Hoping for Rxc6!} (15. g3 {simplifies} a6 16. Bxc6+ bxc6 17. O-O) 15... Kd7 16. Ba5 Qd6 17. a3 Rac8 18. Bb4 {[%emt 0:11:13] Dancing on a razor blade.} Qb8 19. Bxc6+ Rxc6 20. Rxc6 bxc6 21. Kf2 Bxb4 22. axb4 $11 {[%emt 0:00:01][%mdl 4096] Endgame KQR-KQR} Rc8 23. h4 Rc7 24. Rc1 Qb5 25. Qxb5 cxb5 26. Rxc7+ (26. Rc5 $14 {is more appropriate.}) 26... Kxc7 $14 {[%emt 0:00:06] KP-KP} 27. Kg3 Kd6 28. Kg4 f6 $2 (28... Ke7 $11) 29. h5 $1 $18 gxh5+ 30. Kxh5 {[%emt 0:00:09] Threatening mate with Kg6.} Ke7 31. Kg6 Kf8 32. g4 Kg8 {[%emt 0:00:25] [#]} 33. f4 $1 {[%emt 0:00:59][%cal Bf3f4,Bf4g5,Bg5g6][%mdl 32] White mates.} a6 34. g5 fxg5 35. fxg5 Kf8 {[%emt 0:00:13] [#]} 36. Kh7 $1 ({And not} 36. b3 Kg8 $11) 36... Kf7 37. g6+ Kf6 38. b3 {[%emt 0:00:05] Weighted Error Value: White=0.08 (flawless) /Black=0.52} 1-0

[Event "85th Tata Steel Challengers 2023"]
[Site "Wijk aan Zee"]
[Date "2023.01.20"]
[Round "10.6"]
[White "Mishra, Abhimanyu"]
[Black "Vaishali, Rameshbabu"]
[Result "1/2-1/2"]
[ECO "B40"]
[WhiteElo "2559"]
[BlackElo "2425"]
[Annotator "TA"]
[PlyCount "155"]
[EventDate "2023.01.10"]
[EventType "tourn"]
[EventCountry "NED"]
[SourceTitle "playchess.com"]
[Source "ChessBase"]
[SourceQuality "1"]
[TimeControl "40/6000+30:30/3000+30:900+30"]

1. e4 c5 2. Nf3 e6 3. c3 Nf6 4. Bd3 Nc6 5. Bc2 d5 6. e5 {[%emt 0:01:24] B40: Sicilian: 2...e6, Unusual lines.} Nd7 7. d4 b6 8. O-O Ba6 9. Re1 cxd4 ({Black should try} 9... Rc8 $11) 10. cxd4 Nb4 11. Ba4 {[%emt 0:13:48] [#]} Nd3 $146 ({Predecessor:} 11... Be7 12. a3 Nd3 13. Re3 Nxc1 14. Qxc1 Rc8 15. Rc3 O-O 16. Nbd2 b5 17. Bd1 Rxc3 18. Qxc3 {½-½ Korolchuk,N (2235)-Kozak,M (2192) Novy Bor op 3rd 2012 (8)}) 12. Re3 Nxc1 13. Qxc1 Rc8 14. Qd1 (14. Rc3 $5) 14... g6 (14... b5 $5 15. Bc2 Be7 $11) 15. Nc3 Bh6 16. Re1 O-O 17. Bb5 {[%emt 0:10:11] [#]} Rxc3 $1 {[%emt 0:02:47][%mdl 64] Remove Defender} 18. Bxa6 Rc7 19. Qe2 Qe7 20. h4 Nb8 21. Bd3 Nc6 22. a3 {[%emt 0:03:28] Prevents Nb4.} Na5 23. Ba6 Rb8 24. g3 Nc4 25. Bb5 Ra8 (25... a6 $5 26. Bxc4 (26. Bxa6 b5 $15) 26... Rxc4 $11) 26. Nh2 a6 27. Bxc4 Rxc4 28. Rad1 b5 29. Ng4 Bg7 30. Qf3 h6 31. Qf4 Kh7 32. h5 Qg5 33. hxg6+ Qxg6 34. Kg2 Rc2 35. Rh1 {[%emt 0:02:48] With the idea Rde1.} Qe4+ 36. Qxe4+ dxe4 37. Rde1 Rxb2 38. Rxe4 Rd8 39. Rf4 Rd7 40. d5 exd5 41. Nf6+ Bxf6 42. Rxf6 $11 {[%emt 0:00:13][%cal Oe5e6][%mdl 4096] Endgame aiming for e6! KRR-KRR} Kg7 43. Rxa6 Re2 44. Rh5 Re7 45. Rb6 R2xe5 46. Rxe5 Rxe5 47. Rxb5 {[%emt 0:00:08] KR-KR} Kf6 48. Kf3 Kg5 49. a4 {[%emt 0:00:40] And now a5 would win.} f5 $1 50. a5 {[%emt 0:02:31] Threatens to win with a6.} Re4 51. Rxd5 {[%emt 0:02:04] Black must now prevent Rd8.} Ra4 52. Kg2 Ra2 53. Kf3 Ra3+ 54. Ke2 h5 55. Rc5 Kg4 56. Kd2 Ra2+ 57. Ke3 Kg5 58. Rb5 Kg4 59. Rd5 Kg5 60. Rc5 Kg4 61. Rd5 Kg5 62. f3 Ra3+ 63. Ke2 Ra2+ 64. Kd3 Ra3+ {[%emt 0:00:00] The position is equal.} 65. Kc4 Rxf3 66. Rd3 Rf1 67. Rd4 Rg1 68. Rd8 Rc1+ 69. Kb5 Rb1+ 70. Kc6 Rc1+ 71. Kd6 Ra1 72. Rg8+ Kf6 73. Ra8 f4 {[%emt 0:02:06][%mdl 64] [#] Deflection} 74. gxf4 h4 75. a6 h3 {[%emt 0:00:06] Hoping for ...Kg7.} 76. Rh8 ({Don't blunder} 76. Rf8+ $2 Kg7 77. Rf5 Rxa6+ 78. Ke7 h2 $19) 76... Rxa6+ 77. Kd5 Kf5 78. Rxh3 {[%emt 0:00:09] Weighted Error Value: White=0.08 (flawless) /Black=0.07 (flawless)} 1/2-1/2

[Event "85th Tata Steel Challengers 2023"]
[Site "Wijk aan Zee"]
[Date "2023.01.20"]
[Round "10.7"]
[White "Roebers, Eline"]
[Black "Pechac, Jergus"]
[Result "1/2-1/2"]
[ECO "C60"]
[WhiteElo "2361"]
[BlackElo "2637"]
[Annotator "TA"]
[PlyCount "51"]
[EventDate "2023.01.10"]
[EventType "tourn"]
[EventCountry "NED"]
[SourceTitle "playchess.com"]
[Source "ChessBase"]
[SourceQuality "1"]
[TimeControl "40/6000+30:30/3000+30:900+30"]

1. e4 e5 2. Nf3 Nc6 3. Bb5 Nge7 4. d4 Nxd4 5. Nxd4 exd4 6. Qxd4 Nc6 7. Qe3 {[%emt 0:00:32] C60: Ruy Lopez: Unusual Black 3rd moves and 3...g6.} Be7 8. O-O O-O 9. Nc3 Re8 10. Rd1 d6 11. Nd5 {[%emt 0:07:27] [#]} Bh4 $146 (11... Bd7 {keeps more tension.} 12. Qc3 Bh4 13. f3 Ne7) ({Predecessor:} 11... Bd7 12. Bf1 Ne5 13. a4 Bh4 14. g3 c6 15. Nf4 Be7 16. a5 Qc7 17. Qc3 Bg4 {½-½ Blomqvist,E (2550)-Nihal,S (2648) Fagernes op 2022 (8)}) 12. Bf1 (12. g3 $5 Bf6 13. Rb1 $14) 12... Ne7 13. Qb3 c6 14. Ne3 Qc7 15. c3 Be6 {[%emt 0:05:32] The position is equal.} 16. Qc2 d5 17. exd5 Nxd5 18. Nxd5 Bxd5 19. Be3 h6 20. Rd2 b6 21. Rad1 Rad8 (21... Bxa2 $2 22. Rd7 Qc8 23. b3 $18) 22. g3 Bf6 23. Bg2 Bxg2 (23... Bxa2 $2 24. Rxd8 Rxd8 25. Rxd8+ Qxd8 26. b3 $18 (26. Bxc6 Bd5 $11)) 24. Kxg2 Rxd2 25. Rxd2 Rd8 26. Rxd8+ {[%emt 0:00:28] Weighted Error Value: White=0.06 (flawless) /Black=0.05 (flawless)} 1/2-1/2

[Event "85th Tata Steel Challengers 2023"]
[Site "Wijk aan Zee"]
[Date "2023.01.27"]
[Round "11.1"]
[White "Donchenko, Alexander"]
[Black "Tabatabaei, M. Amin"]
[Result "1-0"]
[ECO "A17"]
[WhiteElo "2627"]
[BlackElo "2686"]
[Annotator "TA"]
[PlyCount "79"]
[EventDate "2023.01.10"]
[EventType "tourn"]
[EventCountry "NED"]
[SourceTitle "playchess.com"]
[Source "ChessBase"]
[SourceQuality "1"]
[TimeControl "40/6000+30:30/3000+30:900+30"]

1. Nf3 Nf6 2. c4 e6 3. Nc3 d5 4. e3 Bd6 5. b3 O-O 6. Bb2 {[%emt 0:00:26] A17: English Opening: 1...Nf6 with ...Bb4.} Re8 7. Nb5 Be7 8. Be5 {[%emt 0:03:45] The position is equal.} Na6 9. Be2 c6 10. Nc3 Nc5 11. Qc2 Ncd7 12. Bg3 {[%emt 0:01:22] [#]} dxc4 $146 ({Predecessor:} 12... a6 13. h3 Bf8 14. O-O b5 15. d4 Bb7 16. Rfd1 Bb4 17. Bh2 Qa5 18. Rdc1 Ba3 {0-1 Ventura Bolet,M (2223)-Moussard,J (2684) Sitges Sunway op 9th 2022 (2)}) 13. bxc4 b6 (13... Bb4 $11 {remains equal.}) 14. h3 {[%emt 0:10:13] White is more active.} Bb4 15. Bh2 Bb7 16. O-O Qe7 17. d4 Rac8 18. Rfd1 Bxc3 19. Qxc3 c5 20. a4 Ne4 21. Qb3 cxd4 22. exd4 Nd6 23. Rac1 Nf5 24. a5 Red8 25. Qb1 {[%emt 0:08:49][%cal Oc4c5] White leaves nothing to chance now.} (25. g4 {is interesting.} Nh4 26. Nxh4 Qxh4 27. Ra1) 25... h6 {[%emt 0:06:45] [#]} 26. c5 $1 Bxf3 (26... Nf6 $16) 27. Bxf3 $18 bxc5 28. Bb7 {[%emt 0:05:15] A strong pair of Bishops.} Rb8 29. Bxb8 Rxb8 30. dxc5 Nxc5 {[%emt 0:01:29] [#]} 31. Qb5 ({Don't take} 31. a6 $6 Nxa6 32. Rc8+ Rxc8 33. Bxc8 Nc5 $16) 31... Nxb7 32. a6 {[%emt 0:00:30][%cal Oc1b1,Ba5a6,Ba6b7][%mdl 32] Hoping for Rb1!} e5 $2 (32... Nfd6 $2 33. Rxd6 Qxd6 34. axb7 $18) (32... Kh7 {is tougher.} 33. Rb1 (33. axb7 Rxb7 34. Qc6 h5 $16) 33... Nfd6 34. Qd3+ f5) 33. Rb1 {[%emt 0:07:06] White is clearly winning.} ({Less strong is} 33. axb7 Rxb7 34. Qd5 Kh7 $18) 33... Nd4 34. Qb4 {[%emt 0:01:23][%mdl 64] Pin} Qc7 35. axb7 Qc2 36. Qb2 Qg6 37. Rdc1 {[%emt 0:01:24] And now Rc8+ would win.} Nf3+ 38. Kh1 {[%emt 0:00:37] Rc8+ is the strong threat.} Nh4 39. Rc8+ (39. Qxe5 $2 Qxg2#) 39... Kh7 40. Rg1 {[%emt 0:00:55] Excellently played by Donchenko!   Weighted Error Value: White=0.08 (flawless) /Black=0.31} (40. Rxb8 $2 Qxg2#) 1-0

[Event "85th Tata Steel Challengers 2023"]
[Site "Wijk aan Zee"]
[Date "2023.01.27"]
[Round "11.2"]
[White "Pechac, Jergus"]
[Black "Yilmaz, Mustafa"]
[Result "1/2-1/2"]
[ECO "B22"]
[WhiteElo "2637"]
[BlackElo "2609"]
[Annotator "TA"]
[PlyCount "62"]
[EventDate "2023.01.10"]
[EventType "tourn"]
[EventCountry "NED"]
[SourceTitle "playchess.com"]
[Source "ChessBase"]
[SourceQuality "1"]
[TimeControl "40/6000+30:30/3000+30:900+30"]

1. e4 c5 2. c3 Nf6 3. e5 Nd5 4. Nf3 d6 5. Bb5+ Bd7 {[%emt 0:03:59] The position is equal.} 6. Bc4 {[%emt 0:04:35] B22: Sicilian: 2 c3.} e6 7. d4 cxd4 8. Bxd5 ({Much weaker is} 8. Qxd4 Nc6 9. Qe4 dxe5 10. Nxe5 Nf6 $15) 8... exd5 9. O-O {[%emt 0:00:06] [#]} dxe5 $146 ({Predecessor:} 9... Be6 10. Nxd4 dxe5 11. Nxe6 fxe6 12. Qh5+ Kd7 13. c4 d4 14. Qxe5 Nc6 15. Qb5 Qb6 {1-0 Blomqvist,E (2544)-Nandhidhaa,P (2358) Rilton Cup 50th 2022 (6)}) 10. Nxe5 Be7 11. Nxd7 Qxd7 12. Qxd4 O-O 13. Rd1 Rd8 14. Be3 Qb5 15. c4 Qxc4 16. Qxc4 dxc4 17. Rxd8+ Bxd8 18. Na3 {[%emt 0:00:07] [#]} c3 $1 19. Rc1 (19. bxc3 Nc6) 19... Bf6 (19... cxb2 $2 20. Rc8 Kf8 21. Rxd8+ Ke7 22. Rh8 $18) 20. Nb5 {[%emt 0:01:53] aiming for Nc7.} Nc6 21. Nxc3 Rd8 22. Kf1 Bd4 23. Bxd4 Rxd4 24. Rd1 Rxd1+ 25. Nxd1 $11 {[%emt 0:00:03][%mdl 4096] Endgame KN-KN} Kf8 26. Ke2 Ke7 27. Nc3 h6 28. h3 Kd6 29. Kd3 Ne5+ 30. Kd4 {[%emt 0:00:06] Threatens to win with Ne4+.} Nc6+ 31. Kd3 Ne5+ {[%emt 0:00:05] A rather calm draw.   Weighted Error Value: White=0.03 (flawless) /Black=0.03 (flawless)} 1/2-1/2

[Event "85th Tata Steel Challengers 2023"]
[Site "Wijk aan Zee"]
[Date "2023.01.27"]
[Round "11.3"]
[White "Sindarov, Javokhir"]
[Black "Warmerdam, Max"]
[Result "1/2-1/2"]
[ECO "B55"]
[WhiteElo "2654"]
[BlackElo "2616"]
[Annotator "TA"]
[PlyCount "80"]
[EventDate "2023.01.10"]
[EventType "tourn"]
[EventCountry "NED"]
[SourceTitle "playchess.com"]
[Source "ChessBase"]
[SourceQuality "1"]
[TimeControl "40/6000+30:30/3000+30:900+30"]

1. e4 c5 2. Nf3 d6 3. d4 cxd4 4. Nxd4 Nf6 5. Bd3 Nc6 6. Ne2 {[%emt 0:02:46] B55: Sicilian: 2...d6 3 d4 cxd4 4 Nxd4 Nf6 5 f3.} e6 7. O-O Be7 8. c4 {[%emt 0:01:51] [#]} d5 $146 ({Predecessor:} 8... Qc7 9. Nbc3 a6 10. b3 Rb8 11. Bf4 Nd7 12. Rc1 Nde5 13. Kh1 Bd7 14. Bg3 Qa5 {1-0 Pomar,M (1845)-Gieseler,R (1966) Catarinense-ch 2008 (2.10)}) 9. cxd5 exd5 10. exd5 Nxd5 11. Nbc3 Nxc3 12. Nxc3 Be6 13. Qc2 Qa5 {[%emt 0:06:46] The position is equal.} 14. Be4 Rd8 15. Be3 h6 16. Bxc6+ bxc6 17. Qa4 Qxa4 18. Nxa4 O-O 19. b3 Rd7 20. Bc5 Bxc5 21. Nxc5 Rd2 22. Ne4 Rd4 23. f3 Rfd8 24. Rae1 Bf5 25. Nc3 Bd3 26. Rf2 c5 27. Rc1 a5 28. Rb2 c4 29. b4 axb4 30. Rxb4 Bf5 31. a4 Ra8 32. Ra1 Rd2 33. a5 {[%emt 0:05:50] [#] Black must now prevent a6.} Rc2 $1 34. Nd5 {[%emt 0:04:53] aiming for Ne7+.} Be6 $1 35. Nf4 {[%emt 0:01:04] Nxe6 would be deadly.} c3 36. Nxe6 fxe6 37. Rc4 Rd8 {[%emt 0:00:31] [#] And now ...Rdd2 would win.} 38. a6 {[%emt 0:00:15] Hoping for a7.} Rdd2 39. a7 Rxg2+ 40. Kf1 Rgf2+ {[%emt 0:00:22] An interesting draw.   Weighted Error Value: White=0.03 (flawless) /Black=0.02 (flawless)} 1/2-1/2

[Event "85th Tata Steel Challengers 2023"]
[Site "Wijk aan Zee"]
[Date "2023.01.27"]
[Round "11.4"]
[White "Beerdsen, Thomas"]
[Black "Ivic, Velimir"]
[Result "1-0"]
[ECO "B31"]
[WhiteElo "2515"]
[BlackElo "2585"]
[Annotator "TA"]
[PlyCount "109"]
[EventDate "2023.01.10"]
[EventType "tourn"]
[EventCountry "NED"]
[SourceTitle "playchess.com"]
[Source "ChessBase"]
[SourceQuality "1"]
[TimeControl "40/6000+30:30/3000+30:900+30"]

1. e4 c5 2. Nf3 Nc6 3. Bb5 g6 4. O-O Bg7 5. c3 Nf6 6. Re1 O-O 7. d4 a6 8. Bxc6 dxc6 9. h3 cxd4 10. cxd4 c5 11. d5 $1 {[%emt 0:04:03] The main line 11.d5 scores better than 11.e5. B31: Sicilian: 2...Nc6 3 Bb5 g6.} b5 12. Nc3 Bb7 13. Bf4 {[%emt 0:04:43] [#] The position is equal.} Re8 $146 ({Predecessor:} 13... c4 14. Be5 e6 15. dxe6 fxe6 16. Bd6 Re8 17. a4 Bf8 18. Bxf8 Qxd1 19. Raxd1 Rxf8 20. axb5 axb5 21. Nxb5 Bxe4 {½-½ Fleetwood,D (2570)-Gusan,B (2555) W-ch40 q02 email 2020}) 14. Be5 Bh6 15. Qc2 Nd7 16. Bg3 c4 17. Rad1 Nc5 18. Ne5 (18. b3 $11) 18... Rc8 19. Ne2 f6 (19... Bg7 $1 $15) 20. Ng4 $1 $11 Bg7 21. Nf4 {[%emt 0:03:35] Inhibits Nd3.} Qb6 22. h4 a5 23. h5 g5 24. Ne2 e5 {[%emt 0:07:39] Repels Nd4} 25. h6 Bf8 26. Nc3 Red8 (26... Rcd8 $11) 27. Re3 (27. Nxb5 $1 $16 Nd3 28. Rxd3 cxd3 29. Qxd3) 27... Be7 28. Rf3 Nd3 29. a4 bxa4 (29... b4 $5 30. Nb5 Nf4 $11) 30. Nxa4 Qa6 ({Better is} 30... Qd6 $14) 31. b3 $16 Nf4 32. Ne3 (32. Rc3 $16) 32... cxb3 $14 33. Qxb3 Bb4 34. Nb2 $2 (34. d6+ Kf8 35. Bxf4 gxf4 $15) (34. Kh2 $14 {stays ahead.}) 34... Rc3 $17 35. Qa2 Kf8 (35... Ne2+ $6 36. Kh2 Ra3 37. Qc4 $11) (35... Ra3 $1 $17 36. Qb1 Ne2+ 37. Kh2 Bc8) 36. Nbc4 (36. Bxf4 $11 {keeps the balance.} gxf4 37. Nec4 Rxf3 38. gxf3) 36... Rc8 ({Black should try} 36... Qb5 $17 {Threatens to win with ...Bc8.} 37. Bxf4 gxf4) 37. d6 $11 Re8 ({But not} 37... R3xc4 38. d7 Rd8 39. Nxc4 $16 (39. Qxc4 Qxc4 {[%mdl 64] Remove Defender} 40. Nxc4 Bxe4 $17)) (37... R8xc4 $2 38. Bxf4 Bxd6 39. Nxc4 Qxc4 40. Qd2 $18) (37... Bxe4 $2 38. Nxe5 fxe5 39. Qe6 Bxd6 40. Rxd6 $18) (37... Rd8 $14 38. Nxe5 fxe5 39. Bxf4 {[%mdl 64] Remove Defender} gxf4) 38. d7 (38. Kh2 $1 $16) 38... Rd8 39. Bxf4 gxf4 {[%emt 0:04:23] [#]} (39... exf4 $11 {remains equal.} 40. Nd6 Bxd6) 40. Nd6 $1 $40 {[%emt 0:00:32][%csl Gd6][%cal Ra2f7][%mdl 640] Black is in trouble. White is more active.} Rxd7 {[%emt 0:04:21] [#]} (40... Bxd6 $2 41. Qe6 Bb4 42. Qg4 $18) 41. Nef5 {[%emt 0:12:04] Intending Qe6 and mate. Really sharp!} Qc4 {[%emt 0:28:39][%mdl 8192] Prevents Qe6. A mistake that costs the game.} 42. Nxc4 {[%emt 0:11:33] Excellent horsemanship.} Rxd1+ 43. Kh2 Rcc1 44. Kh3 {[%emt 0:09:01][%cal Oc4e5] And now Nxe5! would win.} (44. Nxa5 $2 Rh1#) 44... Bxe4 {[%emt 0:00:17] [#]} 45. Kg4 Bd5 (45... Bxf3+ $2 46. Kxf3 Rg1 47. Nfd6 $18 (47. Ncd6 Rc3+ 48. Ke4 Re1+ 49. Kd5 Rd1+ 50. Ke6 Rc6 $18)) 46. Qa4 $1 Rg1 $2 {[%emt 0:00:11] [#]} (46... Bxc4 $2 47. Qc6 $18) (46... Bxf3+ 47. Kxf3 Rd3+ 48. Ke4 Rd4+ 49. Nxd4 Rxc4 {[%mdl 64] Pin}) 47. Qd7 (47. Ng7 $142 $1 Bxf3+ (47... Bf7 48. Nxa5) 48. Kxf3 Rc3+ 49. Kg4 Rxg2+ 50. Kf5 Rg5+ 51. Ke6 Rxg7 52. Qe8+ {[%mdl 64] Promotion} Kxe8 53. hxg7) 47... Rxg2+ {[%emt 0:00:56] [#]} (47... Bxf3+ $18 48. Kxf3 Rc3+ 49. Nce3 fxe3 50. fxe3 Rf1+ 51. Kg3 Rxf5 52. Qxf5 Rc7 53. Qxf6+ Ke8 54. Qh8+ Bf8 55. Qxe5+ Kd8) 48. Rg3 $3 Rxg3+ (48... Bf3+ 49. Kxf3) 49. Nxg3 (49. fxg3 $142 Bxc4 50. Ng7 (50. Qxh7 Be2+ 51. Kh3 f3 $18) 50... Kg8 51. Nh5 Be2+ 52. Kf5 Bd3+ 53. Qxd3 Kf8 54. Qd8+ Kf7 55. Nxf6 Rc8 56. Qd5+ Kf8 57. Qe6 fxg3 58. Nxh7#) 49... Bxc4 $18 50. Ne4 Be7 51. Nd6 Be2+ (51... Rg1+ $142 52. Kf3 Bxd6) 52. f3 Rg1+ 53. Kf5 {[%emt 0:00:19][%csl Gd6][%cal Rd7e8] White mates.} Bxd6 54. Qxd6+ Ke8 55. Qb8+ {[%emt 0:00:52] Beautiful play by Beerdsen!   Weighted Error Value: White=0.49/Black=0.54} (55. Qc6+ $142 Kd8 56. Qxf6+ Kd7 57. Qe6+ Kc7 58. Qxe5+ Kb6 59. Qd4+ Kb7 60. Qxg1 Bd3+ 61. Kxf4) 1-0